cohdb
Replays
Latest Replays
All Replays
Popular Replays
Top Player Replays
Match Explorer
How It Works
Community
CoH3 Stats
Reddit
Sign in to upload your games and track your stats! →
Sign in with Steam
Match 41710033
Unlisted
Match 41710033
Overview
Messages
Build Orders
End
Construct Infanterie Kompanie
Construct Infanterie Kompanie
Selects Terror Battlegroup
Selects Machine Gun Camouflage
Kettenkrad Recon Vehicle
MG 42 Machine Gun Team
Grenadier Squad
Grenadier Squad
Construct Luftwaffe Kompanie
Selects Interrogate
Jäger Squad
Jäger Squad
Jäger Squad
Selects Interrogate
Support Elements
Pioneer Squad
Wirbelwind Flakpanzer
Medical Bunker
Selects Propaganda Leaflet Drop
Luftwaffe Officer Quarters
Propaganda Leaflet Drop
Marder III M Tank Destroyer
Marder III M Tank Destroyer
Propaganda Leaflet Drop
Selects V1 Rocket Strike
Selects V1 Rocket Strike
Marder III M Tank Destroyer
Construct Panzer Kompanie
V1 Rocket Strike
Selects Defend the Fatherland
Stoßtruppen Squad
Stoßtruppen Squad
V1 Rocket Strike
WilMax
Artamoule
CosmicSpire
Köfte
BIOHAZARD
=BIA=Daghito
demenza058
Andreuz
0
0
Comments
sign in to comment!
No comments posted yet!